 Dungeon Crawl Stone Soup version 0.30.1-4-g462c640d31 (webtiles) character file.

Game seed: 3620191047758543570

80 lonewolfV2 the Trooper (level 4, -5/33 (35) HPs)
             Began as a Demonspawn Fighter on Aug 25, 2023.
             Slain by Crazy Yiuf
             ... wielding a +4 quarterstaff of chaos
              (12 damage)
             ... while paralysed by Crazy Yiuf
             ... on level 2 of the Dungeon.
             The game lasted 00:02:33 (1989 turns).

lonewolfV2 the Trooper (Demonspawn Fighter)         Turns: 1989, Time: 00:02:34

HP:   -5/33 (35)    AC:  6    Str: 19    XL:     4   Next: 18%
MP:   4/4           EV:  2    Int:  9    God:
Gold: 109           SH:  0    Dex: 16    Spells: 3/3 levels left

rFire   . . .        k - +3 demon trident
rCold   . . .        c - +0 buckler
rNeg    . . .        b - +0 scale mail
rPois   .            (no helmet)
rElec   .            (no cloak)
rCorr   .            (no gloves)
SInv    .            (no boots)
Will    .....        j - amulet of the acrobat
Stlth   ++           (no ring)
HPRegen 0.25/turn    (no ring)
MPRegen 0.09/turn

%: acrobat
@: paralysed, drained
A: thin skeletal structure 2, powered by death 1
a: no special abilities


You were on level 2 of the Dungeon.
You visited 1 branch of the dungeon, and saw 3 of its levels.

You collected 109 gold pieces.

Inventory:

Hand Weapons
 a - a +0 war axe
 k - a +3 demon trident (weapon)
Armour
 b - a +0 scale mail (worn)
 c - a +0 buckler (worn)
Jewellery
 h - an amulet of faith
 j - an amulet of the acrobat (around neck)
Scrolls
 i - a scroll of teleportation {unknown}
 l - a scroll of amnesia {unknown}
Potions
 d - a potion of might
 e - a potion of heal wounds {unknown}
 f - a potion of invisibility {unknown}
 g - a potion of curing {unknown}


   Skills:
 + Level 3.4 Fighting
 + Level 2.5(2.6) Axes
 + Level 0.1(1.5) Polearms
 + Level 3.1 Armour
 + Level 0.9 Dodging
 + Level 0.9 Stealth
 + Level 2.9 Shields


You had 3 spell levels left.
You didn't know any spells.
Your spell library contained the following spells:

 Spells                   Type           Power      Damage    Failure   Level
 Apportation              Tloc           0%         N/A       83%         1
 Necrotise                Necr           0%         1d4       83%         1
 Shock                    Conj/Air       0%         1d3       83%         1
 Summon Small Mammal      Summ           0%         N/A       83%         1
 Swiftness                Air            0%         N/A       99%         3
 Volatile Blastmotes      Fire/Tloc      0%         2d10      99%         3
 Airstrike                Air            0%         2d(0-16)  100%        4
 Fulminant Prism          Conj/Hex       0%         3d5       100%        4
 Iskenderun's Mystic Bla  Conj/Tloc      0%         2d3       100%        4
 Lee's Rapid Deconstruct  Erth           0%         3d4*      100%        5


Dungeon Overview and Level Annotations

Branches:
Dungeon (3/15)

Altars:

Annotations:
D:2 Crazy Yiuf
D:3 Terence


Innate Abilities, Weirdness & Mutations

You have a moderately thin skeletal structure. (Dex +4, Stealth++)
You regenerate a little health from kills.


Message History

A goblin is nearby!
A goblin is nearby!
A goblin is nearby!
You closely miss the goblin. The goblin hits you but does no damage.
You block the goblin's attack.
You hit the goblin.
You kill the goblin!
You see here a +0 dagger.
You see here a +0 dagger.
You see here a +0 dagger.
You see here a +0 club.
There is an escape hatch in the floor here.
Could not explore, unopened runed door.
Could not explore, unopened runed door.
Could not explore, unopened runed door.
You open the door.
Crazy Yiuf shouts!
Crazy Yiuf whimpers, "Sif Muna!"
You puncture Crazy Yiuf!
Crazy Yiuf is severely wounded.
Crazy Yiuf hits you with a +4 quarterstaff of chaos.
You closely miss Crazy Yiuf.
Crazy Yiuf is severely wounded.
Crazy Yiuf barely misses you.
You closely miss Crazy Yiuf.
Crazy Yiuf is severely wounded.
Crazy Yiuf barely misses you.
You hit Crazy Yiuf but do no damage.
Crazy Yiuf is severely wounded.
Crazy Yiuf hits you with a +4 quarterstaff of chaos!
You suddenly lose the ability to move!
Crazy Yiuf hits you with a +4 quarterstaff of chaos!
You feel drained.
* * * LOW HITPOINT WARNING * * *
Crazy Yiuf hits you with a +4 quarterstaff of chaos.
* * * LOW HITPOINT WARNING * * *
Crazy Yiuf burns you.
* * * LOW HITPOINT WARNING * * *
Crazy Yiuf hits you with a +4 quarterstaff of chaos!
You die...

#....####.###.#####.
#....# #.###.......
♣....♣ #...........
♣...♣♣ #####...####
♣♣.♣♣ ##.........#
♣.♣♣ #<.........#
♣♣.♣ ##...†.(....
♣.♣♣ ####...####
♣♣@♣ #####...# #g#
#...#...# ...
###.##### #...# #.#
#..)# #.# ##### #.#
#.# #.########
#.........


You could see Crazy Yiuf.

Vanquished Creatures
  An adder (D:2)
  A worm (D:2)
  3 dart slugs
  4 orcs (D:3)
  2 ball pythons (D:2)
  6 bats
  5 endoplasms
  A giant cockroach (D:2)
  5 goblins
  4 hobgoblins
  3 jackals (D:1)
  8 kobolds
  2 quokkas
  2 frilled lizards (D:2)
  4 rats
51 creatures vanquished.

Notes
Turn   | Place    | Note
-------+----------+-------------------------------------------
     0 | D:1      | lonewolfV2 the Demonspawn Fighter began the quest for the
                  | Orb.
     0 | D:1      | Reached XP level 1. HP: 18/18 MP: 1/1
    61 | D:1      | Gained mutation: You have a somewhat thin skeletal
                  | structure. (Dex +2, Stealth+) [demonic ancestry]
    61 | D:1      | Reached XP level 2. HP: 19/24 MP: 2/2
   352 | D:1      | Gained mutation: You have a moderately thin skeletal
                  | structure. (Dex +4, Stealth++) [demonic ancestry]
   352 | D:1      | Reached XP level 3. HP: 29/29 MP: 3/3
  1105 | D:2      | You fall into a shaft and drop 1 floor!
  1265 | D:3      | Noticed Terence
  1403 | D:2      | Gained mutation: You regenerate a little health from kills.
                  | [demonic ancestry]
  1403 | D:2      | Reached XP level 4. HP: 33/35 MP: 4/4
  1441 | D:2      | Found a runed translucent door.
  1442 | D:2      | Noticed Crazy Yiuf
  1987 | D:2      | Paralysed by Crazy Yiuf for 3 turns
  1989 | D:2      | Slain by Crazy Yiuf

Illustrated notes

Levels and vault maps discovered:
D:1:      ldierk_walled_garden, layout_rooms
D:2:      layout_loops_ring, minivault_27, minmay_quadrilaterals,
          uniq_crazy_yiuf_cottage
D:3:      layout_basic, serial_shops, nicolae_shop_peninsula,
          hellmonk_ecumenical_altar_slurped_away, uniq_terence

Skill      XL: |  1  2 |
---------------+-------+-----
Axes           | 2 |  2.5
Armour         | 3 |  3.1
Fighting       | |  3.4
Polearms       | |  0.1
Dodging        | |  0.9
Stealth        | |  0.9
Shields        | |  2.9

Action                     |  1- 3 |  4- 6 || total
---------------------------+-------+-------++-------
  Melee: War axe           |    95 |       ||    95
         Demon trident     |       |    23 ||    23
    Use: Scroll            |     3 |       ||     3
   Stab: Sleeping          |     2 |     1 ||     3
 Armour: Scale mail        |    66 |     7 ||    73
  Dodge: Dodged            |    82 |     8 ||    90
  Block: Buckler           |    40 |     6 ||    46
